 Dungeon Crawl Stone Soup version 0.18-a0-965-g9200175 (webtiles) character file.

4549 homeworkjunkie the Cleaver (level 10, -4/88 HPs)
             Began as a Hill Orc Fighter on Jan 1, 2016.
             Was an Elder of Okawaru.
             Slain by an unseen horror (6 damage)
             ... on level 9 of the Dungeon.
             The game lasted 00:17:49 (9452 turns).

homeworkjunkie the Cleaver (Hill Orc Fighter)       Turns: 9452, Time: 00:17:50

Health: -4/88      AC: 15    Str: 23    XL:     10   Next: 40%
Magic:  13/13      EV:  8    Int: 11    God:    Okawaru [****..]
Gold:   543        SH: 11    Dex: 13    Spells: 0 memorised, 9 levels left

rFire  . . .     SeeInvis .     a - +2 war axe (chop)
rCold  . . .     Gourm    .     n - +0 chain mail
rNeg   . . .     Faith    .     c - +0 shield
rPois  .         Spirit   .     (no helmet)
rElec  .         Dismiss  .     x - +0 cloak
rCorr  .         Reflect  .     l - +0 pair of gloves
SustAt .         Harm     .     q - +0 pair of boots
MR     +....                    (no amulet)
Stlth  ..........               k - +3 ring of dexterity
                                f - +3 ring of intelligence

@: somewhat resistant to hostile enchantments, extremely unstealthy
A: magic resistance 1
a: Heroism, Renounce Religion


You were on level 9 of the Dungeon.
You worshipped Okawaru.
Okawaru was greatly pleased with you.
You were full.

You visited 2 branches of the dungeon, and saw 10 of its levels.
You also visited: Ossuary.

You collected 543 gold pieces.

Inventory:

Hand Weapons
 a - a +2 war axe of chopping (weapon)
Armour
 c - a +0 shield (worn)
 l - a +0 pair of gloves (worn)
 n - a +0 chain mail (worn)
 q - a +0 pair of boots (worn)
 x - a +0 cloak (worn)
Jewellery
 f - a +3 ring of intelligence (left hand)
 i - an uncursed ring of ice
 k - a +3 ring of dexterity (right hand)
Wands
 e - a wand of slowing (0/48)
 j - a wand of digging (3/24)
Scrolls
 b - 7 scrolls of teleportation
 g - 5 scrolls of remove curse
 o - a scroll of identify
 u - a scroll of amnesia
 v - a scroll of blinking
 y - a scroll of recharging {unknown}
 B - a scroll of noise {unknown}
Potions
 m - 2 potions of brilliance
 p - 2 potions of haste
 s - a potion of agility
 t - a potion of mutation
 w - a potion of lignification
 A - a potion of resistance {unknown}
Comestibles
 d - 2 bread rations
 h - 3 meat rations
 z - 7 royal jellies


   Skills:
 * Level 7.7 Fighting
 * Level 10.2 Axes
 * Level 8.1 Armour
 + Level 2.4 Dodging
 + Level 0.5 Stealth
 * Level 8.6 Shields
 * Level 4.6 Evocations


You had 9 spell levels left.
You didn't know any spells.

Dungeon Overview and Level Annotations

Branches:
Dungeon (9/15)             Temple (1/1) D:4
   Lair: D:8-11         Orc: D:9-12

Altars:
Ashenzari
Cheibriados
Dithmenos
Fedhas
Makhleb
Nemelex Xobeh
Okawaru
Pakellas
Qazlal
Trog
Vehumet
Xom
Yredelemnul
The Shining One

Annotations:
D:7 1 runed door


Innate Abilities, Weirdness & Mutations

You are resistant to hostile enchantments.


Message History

* * * LOW HITPOINT WARNING * * *
You closely miss something. Something hits you but does no damage.
Something hits you but does no damage.
You swing at nothing.
Something hits you but does no damage.
You hit something but do no damage. You block its attack.
You miss something. Something hits you but does no damage.
You swing at nothing.
You block its attack.
You barely miss something. Something hits you but does no damage.
You swing at nothing.
Something hits you but does no damage.
You barely miss something. Something hits you.
* * * LOW HITPOINT WARNING * * *
You block its attack.
You closely miss something. Something hits you but does no damage.
You hit something. Something hits you.
* * * LOW HITPOINT WARNING * * *
You barely miss something. You block its attack.
You closely miss something. Something hits you but does no damage.
Something hits you but does no damage.
You hit something. Something hits you.
You die...

........# ##.# #.....>.#
........# #..# #.......#
......#####.####### +.......#
...##.####).###...## #.......#
...##.##....##.....## #.....).#
...##.##....#.......# #.......#
...##.#.....#.......####......(#
... ..#....##.......#.........(#
# ###....###..@..##........#(#
#..### ##)))###........#(#
#.########(####<.......#(#
#.............#..........#
#.............#..........#
#.............#..........#
####'########.#..........#
##...## .#..........# ##.....##
######.....#


There were no monsters in sight!

Vanquished Creatures
  A griffon (D:8)
  A wyvern (D:8)
  A hippogriff (D:8)
  Menkaure (D:7)
  A water moccasin (D:5)
  An orc warrior (D:9)
  A black bear (D:8)
  4 sky beasts
  3 ice beasts
  6 ogres
  2 phantoms
  5 centaurs
  A big kobold (D:8)
  A giant frog (D:9)
  2 scorpions (D:7)
  A wight (D:9)
  5 crimson imps
  A giant frog zombie (D:5)
  4 jellies
  5 hounds
  5 orc priests
  A centaur skeleton (D:5)
  3 iguanas
  5 orc wizards
  4 worker ants
  10 big kobold zombies (Ossuary)
  A hound zombie (D:5)
  3 hound skeletons
  A mummy (Ossuary)
  A worker ant zombie (D:7)
  4 gnolls
  9 adders
  3 shadow imps
  6 oozes
  2 adder skeletons (D:4)
  An adder zombie (D:7)
  2 worms
  7 giant geckos
  22 orcs
  A spectral bat (Ossuary)
  6 bats
  6 giant cockroaches
  2 gnoll zombies (Ossuary)
  5 goblins
  9 hobgoblins
  9 jackals
  3 quokkas
  3 ball pythons
  3 bat simulacra (Ossuary)
  5 giant newts
  A goblin simulacrum (Ossuary)
  3 goblin zombies (Ossuary)
  2 hobgoblin zombies (Ossuary)
  12 kobolds
  3 kobold simulacra (Ossuary)
  4 kobold zombies (Ossuary)
  9 orc zombies (Ossuary)
  9 rats
  2 rat simulacra (Ossuary)
  2 spectral goblins (Ossuary)
  3 spectral kobolds (Ossuary)
  2 spectral rats (Ossuary)
  A fungus (D:5)
242 creatures vanquished.

Vanquished Creatures (others)
  A fungus (D:5)
1 creature vanquished.

Grand Total: 243 creatures vanquished

Notes
Turn   | Place    | Note
--------------------------------------------------------------
     0 | D:1      | homeworkjunkie the Hill Orc Fighter began the quest for the Orb.
     0 | D:1      | Reached XP level 1. HP: 19/19 MP: 1/1
   255 | D:1      | Reached XP level 2. HP: 17/27 MP: 2/2
   500 | D:1      | Reached skill level 4 in Fighting
   586 | D:2      | Reached XP level 3. HP: 30/33 MP: 3/3
   850 | D:4      | Noticed an ogre
   858 | D:4      | Killed an ogre
   858 | D:4      | Reached skill level 1 in Dodging
   858 | D:4      | Reached XP level 4. HP: 7/41 MP: 4/4
   858 | D:4      | Reached XP level 5. HP: 8/47 MP: 5/5
  1431 | D:5      | Entered Level 5 of the Dungeon
  1460 | D:5      | Reached XP level 6. HP: 38/53 MP: 6/6
  1885 | D:5      | Reached skill level 5 in Shields
  1925 | D:4      | Noticed a phantom
  1955 | D:4      | Killed a phantom
  1955 | D:4      | Reached skill level 5 in Fighting
  2302 | D:4      | Reached XP level 7. HP: 50/61 MP: 7/7
  2789 | D:4      | Found an oddly glowing altar of Pakellas.
  2790 | D:4      | Found a shattered altar of Ashenzari.
  2802 | D:4      | Found a staircase to the Ecumenical Temple.
  2818 | Temple   | Entered the Ecumenical Temple
  2849 | Temple   | Became a worshipper of Warmaster Okawaru
  2962 | D:3      | Found a burning altar of Makhleb.
  3166 | D:3      | Reached skill level 5 in Armour
  3671 | D:2      | Found an oddly glowing altar of Pakellas.
  4613 | D:5      | Reached skill level 1 in Evocations
  4640 | D:5      | Reached skill level 5 in Axes
  4640 | D:5      | Reached skill level 6 in Shields
  4660 | D:5      | Reached XP level 8. HP: 13/69 MP: 7/9
  5807 | D:5      | Reached * piety under Okawaru
  5922 | D:5      | Gained mutation: You are resistant to hostile enchantments. [potion of beneficial mutation]
  6530 | D:6      | Reached skill level 7 in Axes
  6715 | D:6      | Reached ** piety under Okawaru
  6715 | D:6      | Reached XP level 9. HP: 67/75 MP: 10/10
  6890 | D:7      | Found a glowing golden altar of the Shining One.
  6890 | D:7      | Noticed an angel
  6891 | D:7      | Found a runed door.
  6937 | D:7      | Noticed Menkaure
  6944 | D:7      | Killed Menkaure
  7001 | D:8      | Reached skill level 8 in Axes
  7020 | D:8      | Found a sand-covered staircase.
  7030 | Ossuary  | Entered an ossuary
  7803 | D:8      | Reached skill level 9 in Axes
  7807 | D:8      | Reached *** piety under Okawaru
  7990 | D:8      | Noticed a griffon
  8002 | D:8      | Killed a griffon
  8002 | D:8      | Reached XP level 10. HP: 34/86 MP: 11/13
  8872 | D:8      | Reached **** piety under Okawaru
  9219 | D:9      | Reached skill level 10 in Axes
  9449 | D:9      | HP: 1/88 [something (4)]
  9452 | D:9      | Slain by an unseen horror

Vault maps used:
D:1:      sevenhm_arrival_forest_fort_small_5, hangedman_abyss_or_decor_stabs
D:2:      grunt_pakellas_sulfur
D:3:      first_bread, bloody_makhleb
D:4:      gammafunk_temple_overflow_statue, temple_green
D:5:      minmay_gold_behind_fungi
D:7:      lemuel_angel_altar, uniq_menkaure
D:8:      lemuel_upstairs_altar, nicolae_ossuary_entry_ruins,
          hangedman_little_slice_of_home
D:9:      minmay_opposing_rooms
Temple:   grunt_wide_crystal_templ_18
Ossuary:  ossuary_zaba_two_paths

Action                   |  1- 3 |  4- 6 |  7- 9 | 10-12 || total
-------------------------+-------+-------+-------+-------++-------
Melee: War axe           |    75 |   144 |   616 |    87 ||   922
Evoke: Wand              |       |       |    16 |     2 ||    18
  Use: Scroll            |     1 |     1 |    18 |     1 ||    21
       Potion            |     1 |     2 |     3 |     1 ||     7
  Eat: Bread ration      |       |     1 |     1 |       ||     2
       Fruit             |       |       |     4 |       ||     4
       Meat ration       |       |       |     3 |       ||     3
       Beef jerky        |       |       |     1 |       ||     1
       Royal jelly       |       |       |       |     3 ||     3
